TOP OF THE 1ST |
University of South Carolina Gamecocks batting - Pitching for Stanford University Cardinal : RHP Tim Evans
|
Pitching: RHP Tim Evans
|
|
Batting: SHB Willie Medina
|
0-0: Ball 1-0: SINGLE (Groundball, 6MD, EV 98.1 MPH)
|
Batting: RHB Kevin Harris
|
0-0: Called Strike 0-1: Ball 1-1: Ball 2-1: Fly out, F4 (Popup, 4, EV 57.5 MPH)
|
Batting: RHB Ruben Domingues
|
0-0: Ball 1-0: Ball 2-0: Ball 3-0: Called Strike 3-1: Base on Balls Willie Medina to second
|
Batting: RHB Dave Perron
|
0-0: Ball 1-0: Ball 2-0: Swinging Strike 2-1: Foul Ball, location: 2F 2-2: Foul Ball, location: 2F 2-2: Foul Ball, location: 2F 2-2: Ball 3-2: Foul Ball, location: 2F 3-2: Foul Ball, location: 2F 3-2: Fielders Choice at 2nd, 1-6 (Groundball, 34S, EV 64.4 MPH) Willie Medina to third
|
Batting: LHB Adam Hill
|
0-0: Called Strike 0-1: Fly out, F4 (Flyball, 34D, EV 85.6 MPH)
|
Top of the 1st over - 0 runs, 1 hit, 0 errors, 2 left on base; University of South Carolina 0 - Stanford University 0 |
BOTTOM OF THE 1ST |
Stanford University Cardinal batting - Pitching for University of South Carolina Gamecocks : LHP David Reyes
|
Pitching: LHP David Reyes
|
|
Batting: SHB Jason Larson
|
0-0: Ball 1-0: Ground out U3 (Groundball, 3S, EV 68.8 MPH)
|
Batting: SHB Robert Santiago
|
0-0: Ball 1-0: Ground out 6-3 (Groundball, 56, EV 103.8 MPH)
|
Batting: RHB Ricky Mejicanos
|
0-0: Ball 1-0: Foul Ball, location: 2F 1-1: Swinging Strike 1-2: Foul Ball, location: 2F 1-2: Ball 2-2: Strikes out swinging
|
Bottom of the 1st over - 0 runs, 0 hits, 0 errors, 0 left on base; University of South Carolina 0 - Stanford University 0 |
TOP OF THE 2ND |
University of South Carolina Gamecocks batting - Pitching for Stanford University Cardinal : RHP Tim Evans
|
Batting: RHB Mike McElroy
|
0-0: Called Strike 0-1: SINGLE (Line Drive, 6MD, EV 102.5 MPH)
|
Batting: RHB Tylor Cyr
|
0-0: Ball 1-0: Ball 2-0: Ball 3-0: Called Strike 3-1: Grounds into double play, 6-4-3 (Groundball, 6, EV 83.8 MPH)
|
Batting: RHB Jake Geib
|
0-0: Swinging Strike 0-1: Swinging Strike 0-2: Strikes out swinging
|
Top of the 2nd over - 0 runs, 1 hit, 0 errors, 0 left on base; University of South Carolina 0 - Stanford University 0 |
BOTTOM OF THE 2ND |
Stanford University Cardinal batting - Pitching for University of South Carolina Gamecocks : LHP David Reyes
|
Batting: RHB Mike Bell
|
0-0: Swinging Strike 0-1: Called Strike 0-2: Strikes out looking
|
Batting: SHB Justin Houser
|
0-0: Fly out, F9 (Flyball, 9D, EV 99.4 MPH)
|
Batting: RHB Joe Sandoval
|
0-0: Called Strike 0-1: Hit by Pitch
|
Batting: RHB Adrian Cox
|
0-0: Ball 1-0: Ball 2-0: Ball 3-0: Swinging Strike 3-1: Foul Ball, location: 2F 3-2: Fly out, F8 (Flyball, 78M, EV 97.5 MPH)
|
Bottom of the 2nd over - 0 runs, 0 hits, 0 errors, 1 left on base; University of South Carolina 0 - Stanford University 0 |
TOP OF THE 3RD |
University of South Carolina Gamecocks batting - Pitching for Stanford University Cardinal : RHP Tim Evans
|
Batting: RHB Kevin Popowicz
|
0-0: Called Strike 0-1: Foul Ball, location: 2F 0-2: Foul Ball, location: 2F 0-2: Ground out 5-3 (Groundball, 25, EV 83.1 MPH)
|
Batting: SHB Willie Medina
|
0-0: Ball 1-0: Called Strike 1-1: Ball 2-1: Ball 3-1: Base on Balls
|
Batting: RHB Kevin Harris
|
0-0: Ball 1-0: Called Strike 1-1: Called Strike 1-2: Strikes out swinging Willie Medina steals 2nd base Batter strikes out.
|
Batting: RHB Ruben Domingues
|
0-0: Ball 1-0: Called Strike 1-1: Ball 2-1: Ball 3-1: Base on Balls
|
Batting: RHB Dave Perron
|
0-0: Foul Ball, location: 2F 0-1: Foul Ball, location: 2F 0-2: Foul Ball, location: 2F 0-2: Ball 1-2: Foul Ball, location: 2F 1-2: Ball 2-2: Ball 3-2: Ground out 6-3 (Groundball, 6S, EV 86.9 MPH)
|
Top of the 3rd over - 0 runs, 0 hits, 0 errors, 2 left on base; University of South Carolina 0 - Stanford University 0 |
BOTTOM OF THE 3RD |
Stanford University Cardinal batting - Pitching for University of South Carolina Gamecocks : LHP David Reyes
|
Batting: SHB Justin Corbett
|
0-0: Ball 1-0: Ground out 6-3 (Groundball, 6, EV 81.9 MPH)
|
Batting: RHB Ian Hornsby
|
0-0: Ground out 4-3 (Groundball, 4S, EV 89.4 MPH)
|
Batting: SHB Jason Larson
|
0-0: Ball 1-0: Called Strike 1-1: Ground out 6-3 (Groundball, 56D, EV 96.2 MPH)
|
Bottom of the 3rd over - 0 runs, 0 hits, 0 errors, 0 left on base; University of South Carolina 0 - Stanford University 0 |
TOP OF THE 4TH |
University of South Carolina Gamecocks batting - Pitching for Stanford University Cardinal : RHP Tim Evans
|
Batting: LHB Adam Hill
|
0-0: Ball 1-0: Ball 2-0: Called Strike 2-1: Swinging Strike 2-2: Foul Ball, location: 2F 2-2: Ball 3-2: Base on Balls
|
Batting: RHB Mike McElroy
|
0-0: Ball 1-0: Fielders Choice at 2nd, 6-4 (Groundball, 6D, EV 101.2 MPH)
|
Batting: RHB Tylor Cyr
|
0-0: Called Strike 0-1: Ball 1-1: Called Strike Mike McElroy is caught stealing 2nd base 2-4 1-2: Ball 2-2: Strikes out swinging
|
Top of the 4th over - 0 runs, 0 hits, 0 errors, 0 left on base; University of South Carolina 0 - Stanford University 0 |
BOTTOM OF THE 4TH |
Stanford University Cardinal batting - Pitching for University of South Carolina Gamecocks : LHP David Reyes
|
Batting: SHB Robert Santiago
|
0-0: Ball 1-0: Called Strike 1-1: Foul Ball, location: 2F 1-2: Ball 2-2: Foul Ball, location: 2F 2-2: Ball 3-2: DOUBLE (Line Drive, 78D, EV 105.0 MPH)
|
Batting: RHB Ricky Mejicanos
|
0-0: Fly out, F8 (Line Drive, 8LM, EV 96.9 MPH)
|
Batting: RHB Mike Bell
|
0-0: Called Strike 0-1: Called Strike Robert Santiago steals 3rd base 0-2: Ball 1-2: Foul Ball, location: 2F 1-2: Ground out 6-3 (Groundball, 6, EV 109.4 MPH) Robert Santiago scores
|
Batting: SHB Justin Houser
|
0-0: Ball 1-0: Called Strike 1-1: Foul Ball, location: 2F 1-2: Fly out, F7 (Flyball, 7S, EV 95.0 MPH)
|
Bottom of the 4th over - 1 run, 1 hit, 0 errors, 0 left on base; University of South Carolina 0 - Stanford University 1 |
TOP OF THE 5TH |
University of South Carolina Gamecocks batting - Pitching for Stanford University Cardinal : RHP Tim Evans
|
Batting: RHB Jake Geib
|
0-0: Swinging Strike 0-1: Ball 1-1: Foul Ball, location: 2F 1-2: Strikes out swinging
|
Pitching: RHP Jason Barr
|
|
Batting: RHB Kevin Popowicz
|
0-0: Called Strike 0-1: Ball 1-1: Ball 2-1: Swinging Strike 2-2: Ball 3-2: DOUBLE (Groundball, 5L, EV 107.5 MPH)
|
Batting: SHB Willie Medina
|
0-0: Ball 1-0: Foul Ball, location: 2F 1-1: Foul Ball, location: 2F 1-2: Ball 2-2: Ground out 5-3 (Groundball, 56, EV 103.8 MPH)
|
Batting: RHB Kevin Harris
|
0-0: Ground out 5-3 (Groundball, 5, EV 85.0 MPH)
|
Top of the 5th over - 0 runs, 1 hit, 0 errors, 1 left on base; University of South Carolina 0 - Stanford University 1 |
BOTTOM OF THE 5TH |
Stanford University Cardinal batting - Pitching for University of South Carolina Gamecocks : LHP David Reyes
|
Batting: RHB Joe Sandoval
|
0-0: Swinging Strike 0-1: Ball 1-1: Swinging Strike 1-2: Ball 2-2: Ball 3-2: Base on Balls
|
Batting: RHB Adrian Cox
|
0-0: Grounds into double play, 3-6-3 (Groundball, 3, EV 103.1 MPH)
|
Batting: SHB Justin Corbett
|
0-0: Called Strike 0-1: Ball 1-1: Fly out, F6 (Line Drive, 6, EV 65.0 MPH)
|
Bottom of the 5th over - 0 runs, 0 hits, 0 errors, 0 left on base; University of South Carolina 0 - Stanford University 1 |
TOP OF THE 6TH |
University of South Carolina Gamecocks batting - Pitching for Stanford University Cardinal : RHP Jason Barr
|
Batting: RHB Ruben Domingues
|
0-0: Ball 1-0: Called Strike 1-1: SINGLE (Line Drive, 78M, EV 96.9 MPH)
|
Batting: RHB Dave Perron
|
0-0: Ball 1-0: Swinging Strike 1-1: Fly out, F5 (Popup, 5SF, EV 63.8 MPH)
|
Batting: LHB Adam Hill
|
0-0: Fielders Choice at 2nd, U6 (Groundball, 4M, EV 87.5 MPH)
|
Batting: RHB Mike McElroy
|
0-0: Ball 1-0: SINGLE (Line Drive, 89M, EV 93.8 MPH) Adam Hill to second Runner from 2nd tries for 3rd, SAFE, throw by RF made to third
|
Batting: RHB Tylor Cyr
|
0-0: Foul Ball, location: 2F 0-1: Ball 1-1: Ball 2-1: Fly out, F7 (Flyball, 7LS, EV 89.4 MPH)
|
Top of the 6th over - 0 runs, 2 hits, 0 errors, 2 left on base; University of South Carolina 0 - Stanford University 1 |
BOTTOM OF THE 6TH |
Stanford University Cardinal batting - Pitching for University of South Carolina Gamecocks : LHP David Reyes
|
Batting: RHB Ian Hornsby
|
0-0: Ball 1-0: Ground out 4-3 (Groundball, 4M, EV 85.6 MPH)
|
Batting: SHB Jason Larson
|
0-0: Ball 1-0: Ball 2-0: Foul Ball, location: 2F 2-1: Ball 3-1: Called Strike 3-2: Foul Ball, location: 2F 3-2: Strikes out looking
|
Batting: SHB Robert Santiago
|
0-0: Called Strike 0-1: Ball 1-1: Ball 2-1: Ball 3-1: Base on Balls
|
Batting: RHB Ricky Mejicanos
|
0-0: Ball Wild Pitch! Robert Santiago to second 1-0: Fly out, F2 (Popup, 2L, EV 92.5 MPH)
|
Bottom of the 6th over - 0 runs, 0 hits, 0 errors, 1 left on base; University of South Carolina 0 - Stanford University 1 |
TOP OF THE 7TH |
University of South Carolina Gamecocks batting - Pitching for Stanford University Cardinal : RHP Jason Barr
|
Pitching: RHP Max Warburton
|
|
Batting: RHB Jake Geib
|
0-0: Swinging Strike 0-1: Ball 1-1: Called Strike 1-2: Ball 2-2: Ball 3-2: Base on Balls
|
Batting: RHB Kevin Popowicz
|
0-0: Ball 1-0: Grounds into double play, 6-4-3 (Groundball, 6, EV 105.6 MPH)
|
Batting: SHB Willie Medina
|
0-0: Fly out, F7 (Flyball, 78M, EV 88.8 MPH)
|
Top of the 7th over - 0 runs, 0 hits, 0 errors, 0 left on base; University of South Carolina 0 - Stanford University 1 |
BOTTOM OF THE 7TH |
Stanford University Cardinal batting - Pitching for University of South Carolina Gamecocks : LHP David Reyes
|
Batting: RHB Mike Bell
|
0-0: Fly out, F7 (Flyball, 7S, EV 78.8 MPH)
|
Batting: SHB Justin Houser
|
0-0: Called Strike 0-1: Ball 1-1: Ball 2-1: SINGLE (Groundball, 6D, EV 100.0 MPH)
|
Pitching: RHP Angel Pesina
|
|
Batting: RHB Joe Sandoval
|
0-0: Ball 1-0: Ball 2-0: Foul Ball, location: 2F 2-1: Ball 3-1: Base on Balls Justin Houser to second
|
Batting: RHB Adrian Cox
|
0-0: Foul Ball, location: 2F 0-1: Ball 1-1: Fly out, F8 (Line Drive, 8RD, EV 90.0 MPH) Runner from 2nd tags up, SAFE at 3rd with throw by CF
|
Batting: SHB Justin Corbett
|
0-0: Ground out U3 (Groundball, 34, EV 81.2 MPH)
|
Bottom of the 7th over - 0 runs, 1 hit, 0 errors, 2 left on base; University of South Carolina 0 - Stanford University 1 |
TOP OF THE 8TH |
University of South Carolina Gamecocks batting - Pitching for Stanford University Cardinal : RHP Max Warburton
|
Batting: RHB Kevin Harris
|
0-0: Ball 1-0: Called Strike 1-1: Ball 2-1: Ball 3-1: Base on Balls
|
Pitching: RHP Steve Schultz
|
|
Batting: RHB Ruben Domingues
|
0-0: Called Strike 0-1: Swinging Strike 0-2: Strikes out swinging
|
Batting: RHB Dave Perron
|
0-0: Ball 1-0: Called Strike 1-1: Ball 2-1: Foul Ball, location: 2F 2-2: Ball 3-2: Foul Ball, location: 2F 3-2: Fly out, F7 (Flyball, 78S, EV 73.8 MPH)
|
Batting: LHB Adam Hill
|
0-0: Ball 1-0: Foul Ball, location: 2F 1-1: Ball 2-1: Ball 3-1: Called Strike 3-2: Foul Ball, location: 2F 3-2: SINGLE (Line Drive, 4D, EV 100.6 MPH) Kevin Harris to second Kevin Harris to third
|
Batting: RHB Mike McElroy
|
0-0: DOUBLE (Line Drive, 7D, EV 105.0 MPH) Kevin Harris scores Adam Hill to third
|
Batting: RHB Tylor Cyr
|
0-0: Swinging Strike 0-1: Ball 1-1: Ball 2-1: Ground out 6-3 (Groundball, 6, EV 90.6 MPH)
|
Top of the 8th over - 1 run, 2 hits, 0 errors, 2 left on base; University of South Carolina 1 - Stanford University 1 |
BOTTOM OF THE 8TH |
Stanford University Cardinal batting - Pitching for University of South Carolina Gamecocks : RHP Angel Pesina
|
Batting: RHB Ian Hornsby
|
0-0: Foul Ball, location: 2F 0-1: Called Strike 0-2: Foul Ball, location: 2F 0-2: Foul Ball, location: 2F 0-2: Fly out, F9 (Flyball, 9LM, EV 91.2 MPH)
|
Batting: SHB Jason Larson
|
0-0: SINGLE (Groundball, 5S, EV 74.4 MPH) (infield hit)
|
Batting: SHB Robert Santiago
|
0-0: Ball 1-0: Ball 2-0: Foul Ball, location: 2F 2-1: Ball Wild Pitch! Jason Larson to second 3-1: Intentional Walk
|
Batting: RHB Ricky Mejicanos
|
0-0: Foul Ball, location: 2F 0-1: Called Strike 0-2: Ball 1-2: Foul Ball, location: 2F 1-2: Ball 2-2: Ball 3-2: Fielders Choice at 2nd, 5-4 (Groundball, 56S, EV 85.6 MPH) Jason Larson to third
|
Batting: RHB Mike Bell
|
0-0: Fly out, F4 (Flyball, 34D, EV 91.9 MPH)
|
Bottom of the 8th over - 0 runs, 1 hit, 0 errors, 2 left on base; University of South Carolina 1 - Stanford University 1 |
TOP OF THE 9TH |
University of South Carolina Gamecocks batting - Pitching for Stanford University Cardinal : RHP Steve Schultz
|
Pitching: RHP Phil Rankin
|
|
Batting: RHB Jake Geib
|
0-0: Called Strike 0-1: Ground out 5-3 (Groundball, 5S, EV 76.2 MPH)
|
Batting: RHB Kevin Popowicz
|
0-0: Foul Ball, location: 2F 0-1: Ball 1-1: Ball 2-1: Swinging Strike 2-2: Strikes out swinging
|
Batting: SHB Willie Medina
|
0-0: Called Strike 0-1: Fly out, F7 (Line Drive, 7S, EV 93.1 MPH)
|
Top of the 9th over - 0 runs, 0 hits, 0 errors, 0 left on base; University of South Carolina 1 - Stanford University 1 |
BOTTOM OF THE 9TH |
Stanford University Cardinal batting - Pitching for University of South Carolina Gamecocks : RHP Angel Pesina
|
Pitching: RHP George Crousse
|
|
Batting: SHB Justin Houser
|
0-0: Ball 1-0: Swinging Strike 1-1: Called Strike 1-2: Ball 2-2: Foul Ball, location: 2F 2-2: Foul Ball, location: 2F 2-2: Foul Ball, location: 2F 2-2: Ball 3-2: SINGLE (Line Drive, 34D, EV 98.1 MPH)
|
Pinch Hitting: LHB Justin O'Neal
|
0-0: Ball 1-0: Ball 2-0: Called Strike 2-1: SINGLE (Line Drive, 8LS, EV 97.5 MPH) Justin Houser to second Runner from 2nd tries for 3rd, SAFE, throw by CF made to third
|
Batting: RHB Adrian Cox
|
0-0: Ball 1-0: Called Strike 1-1: SINGLE (Groundball, 56, EV 99.4 MPH) Justin Houser scores
|
Bottom of the 9th over - 1 run, 3 hits, 0 errors, 0 left on base; University of South Carolina 1 - Stanford University 2 |
|
Game Over ... Stanford University defeats University of South Carolina, 2 to 1
|
|
|